 Dungeon Crawl Stone Soup version 0.17-a0-1713-gdf939a4 (console) character file.

205 Monkaria the Ruffian (level 5, 0/61 HPs)
             Began as a Demonspawn Berserker on Aug 22, 2015.
             Was a Priest of Trog.
             Slain by an orc
             ... wielding a cursed -1 short sword
              (6 damage)
             ... on level 3 of the Dungeon.
             The game lasted 00:04:15 (2911 turns).

Monkaria the Ruffian (Demonspawn Berserker)         Turns: 2911, Time: 00:04:15

Health: 0/61       AC:  3    Str: 23    XL:     5   Next: 52%
Magic:  5/5        EV: 13    Int:  8    God:    Trog [***...]
Gold:   147        SH:  0    Dex: 13    Spells: 0 memorised, 4 levels left

rFire  . . .     SeeInvis .       - Unarmed
rCold  + . .     Clarity  .     a - +0 animal skin
rNeg   . . .     SustAt   .     (no shield)
rPois  .         Gourm    .     (no helmet)
rElec  .         Spirit   .     (no cloak)
rCorr  .         Warding  .     l - +0 pair of gloves
rMut   .         Stasis   .     (no boots)
MR     ++...                    (no amulet)
Stlth  ..........               (no ring)
                                (no ring)

@: berserking, lethally poisoned (0 -> 0), regenerating, very quick, very
resistant to hostile enchantments, extremely unstealthy
A: hooves 1, cold resistance 1
a: Burn Spellbooks, Berserk, Trog's Hand, Renounce Religion


You were on level 3 of the Dungeon.
You worshipped Trog.
Trog was most pleased with you.
You were not hungry.

You visited 1 branch of the dungeon, and saw 3 of its levels.

You collected 147 gold pieces.

Inventory:

Armour
 a - a +0 animal skin (worn)
 l - a +0 pair of gloves (worn)
Scrolls
 c - 4 scrolls of magic mapping {unknown}
 d - 2 scrolls of teleportation {unknown}
 g - 2 scrolls of remove curse {unknown}
 h - 2 scrolls of fear {unknown}
 i - 3 scrolls of blinking {unknown}
 j - a scroll of enchant armour {unknown}
Potions
 e - 2 potions of curing {unknown}
 k - a potion of ambrosia {unknown}
 m - a potion of haste {unknown}
 n - a potion of flight {unknown}
 o - 2 potions of cure mutation {unknown}
Comestibles
 b - 2 bread rations
 f - 7 fruits
 p - 2 chunks of flesh


   Skills:
 - Level 3.0 Fighting
 - Level 2.0 Armour
 + Level 2.6 Dodging
 - Level 5.2 Unarmed Combat


You had 4 spell levels left.
You didn't know any spells.

Dungeon Overview and Level Annotations

Branches:
Dungeon (3/15)

Altars:
Trog


Innate Abilities, Weirdness & Mutations

You have large cloven feet.
Your flesh is cold resistant.


Message History

You closely miss the adder. You kick the adder.
The adder is almost dead.
You feel sick. The adder bites you.
* * * LOW HITPOINT WARNING * * *
You are more poisoned.
The adder poisons you!
You hit the adder.
You feel the power of Trog in you as your rage grows.
You kill the adder!
Trog accepts your kill.
You feel sick.
You punch the orc!
You kill the orc!
Trog accepts your kill.
You punch the orc!
You kill the orc!
Trog accepts your kill.
You feel sick.
You feel sick. The orc hits you with a short sword.
You die...

#... ... ## ..# #.. ..
#.# #.. #. ##.##
#.###.. #.
##...###......
#.####.....######†.
#.#......(.....##..
#..##o#.........<......
#.....@!...........##..
#.###.#..........#.##..
#...###....###.##..
.............# #.##..
####..###....# #.##..
#..# ####.# #.###. ##.
.>.. .# #.# #. ...
##..# .# #.# #.
#.#.###.###.


You could see an orc.

Vanquished Creatures
  Ijyb (D:2)
  4 gnolls (D:2)
  6 adders
  6 worms
  3 giant geckos (D:1)
  3 orcs
  2 giant cockroaches (D:1)
  14 goblins
  5 hobgoblins
  10 jackals
  2 bats
  3 giant newts
  6 kobolds
  6 rats
71 creatures vanquished.

Notes
Turn   | Place    | Note
--------------------------------------------------------------
     0 | D:1      | Monkaria the Demonspawn Berserker began the quest for the Orb.
     0 | D:1      | Reached XP level 1. HP: 18/18 MP: 1/1
   612 | D:1      | Gained mutation: Your flesh is cold resistant. [demonic ancestry]
   612 | D:1      | Reached XP level 2. HP: 16/24 MP: 2/2
   973 | D:1      | Acquired Trog's second power
  1209 | D:2      | Noticed Ijyb
  1217 | D:2      | Reached XP level 3. HP: 29/29 MP: 3/3
  1499 | D:2      | Killed Ijyb
  1499 | D:2      | Reached skill level 4 in Unarmed Combat
  1582 | D:2      | Gained mutation: You have large cloven feet. [demonic ancestry]
  1582 | D:2      | Reached XP level 4. HP: 33/35 MP: 4/4
  1941 | D:2      | Reached skill level 5 in Unarmed Combat
  2115 | D:2      | Reached XP level 5. HP: 41/41 MP: 5/5
  2417 | D:3      | Noticed a moth of wrath
  2419 | D:3      | Found a bloodstained altar of Trog.
  2911 | D:3      | Slain by an orc

Vault maps used:
D:1:      tarquinn_simple_flora_water_f
D:2:      kennysheep_the_goblin_king
D:3:      tgw_trog, hangedman_abyss_or_decor_stabs

Action                   |  1- 3 |  4- 6 || total
-------------------------+-------+-------++-------
Melee: Unarmed           |   142 |   139 ||   281
Invok: Berserk           |     2 |     5 ||     7
       Trog's Hand       |     1 |     1 ||     2
 Stab: Sleeping          |     2 |     1 ||     3
  Eat: Chunk             |     4 |     9 ||    13
